 Dungeon Crawl Stone Soup version 0.17.1-2-g5865329 (webtiles) character file.

185 Mysteryquy the Sneak (level 5, 0/25 HPs)
             Began as a Vine Stalker Enchanter on Jan 15, 2016.
             Succumbed to poison (a potion of poison)
             ... on level 4 of the Dungeon.
             The game lasted 00:05:56 (2572 turns).

Mysteryquy the Sneak (Vine Stalker Enchanter)       Turns: 2572, Time: 00:05:56

Health: 0/25       AC:  6    Str: 11    XL:     5   Next: 64%
Magic:  2/9        EV: 18    Int: 21    God:
Gold:   180        SH:  0    Dex: 19    Spells: 2 memorised, 6 levels left

rFire  . . .     SeeInvis .     a - +1 dagger
rCold  . . .     Clarity  .     b - +1 robe
rNeg   . . .     SustAt   .     (no shield)
rPois  .         Gourm    .     k - +2 hat
rElec  .         Spirit   +     (no cloak)
rCorr  .         Warding  .     g - +0 pair of gloves
rMut   .         Stasis   .     (no boots)
MR     .....                    (no amulet)
Stlth  ++++......               (no ring)
                                (no ring)

@: brilliant, agile, lethally poisoned (0 -> -15), not resistant to hostile
enchantments, stealthy
A: fangs 2, regeneration 1, magic shield, antimagic bite, no device heal 3, rot
immunity
a: no special abilities


You were on level 4 of the Dungeon.
You were very hungry.

You visited 1 branch of the dungeon, and saw 4 of its levels.

You collected 180 gold pieces.

Inventory:

Hand Weapons
 a - a +1 dagger (weapon)
 r - a +0 rapier
Armour
 b - a +1 robe (worn)
 g - a +0 pair of gloves (worn)
 k - a +2 hat (worn)
Jewellery
 e - an uncursed ring of poison resistance {unknown}
Scrolls
 i - 2 scrolls of remove curse {unknown}
 m - 3 scrolls of identify {unknown}
 n - a scroll of teleportation {unknown}
 q - a scroll of noise {unknown}
 u - 2 scrolls of enchant armour {unknown}
 w - a scroll of blinking {unknown}
Potions
 s - a potion of might {unknown}
 t - a potion of curing {unknown}
 v - a potion of berserk rage {unknown}
Books
 c - a book of Maledictions

   Spells                             Type                      Level
   a - Corona                         Hexes                        1
   b - Ensorcelled Hibernation        Hexes/Ice                    2
   c - Confuse                        Hexes                        3
   d - Tukima's Dance                 Hexes                        3
   e - Dazzling Spray                 Conjuration/Hexes            3
Comestibles
 d - 2 bread rations
 f - a beef jerky
 j - a royal jelly
 o - 3 fruits


   Skills:
 + Level 0.6 Fighting
 + Level 1.6 Short Blades
 + Level 2.7 Dodging
 + Level 5.4 Stealth
 + Level 2.5 Spellcasting
 + Level 3.6 Hexes
 + Level 0.4 Ice Magic


You had 6 spell levels left.
You knew the following spells:

 Your Spells              Type           Power        Failure   Level  Hunger
a - Corona                Hex            ####...      1%          1    None
b - Ensorcelled Hibernat  Hex/Ice        ###...       1%          2    ##.....


Dungeon Overview and Level Annotations

Branches:
Dungeon (4/15)
 Temple: D:4-7

Altars:
Fedhas


Innate Abilities, Weirdness & Mutations

You have extremely sharp teeth.
Your natural rate of healing is unusually fast.
When hurt, damage is shared between your health and your magic reserves.
Your bite disrupts and absorbs the magic of your enemies.
Potions and wands cannot restore your health.
You are immune to rotting.


Message History

Things that are here:
a jackal corpse; a ball python corpse The giant frog skeleton hits you.
You feel sick.
Drink which item? (? for menu, Esc to quit)
It was a potion of brilliance.
You feel clever all of a sudden.
You feel sick.
The giant frog skeleton barely misses you. x2
Drink which item? (? for menu, Esc to quit)
It was a potion of poison.
That liquid tasted very nasty...
You are lethally poisoned!
* * * LOW HITPOINT WARNING * * *
You feel sick. The giant frog skeleton hits you. The orc hits you with a mace.
* * * LOW HITPOINT WARNING * * *
Drink which item? (? for menu, Esc to quit)
It was a potion of agility.
You feel agile all of a sudden.
You die...

..#.......o....)........
..#.....#########....o..
..##..###.......####....
...#...............###..
...#........8...[....# .
.^.###......(....o...#
.....####.......###†.##
........#########o....#
................@Z....#
##...............o...8#
######......[....#####
#############


You could see 2 orcs and a giant frog skeleton.

Vanquished Creatures
  2 orc wizards
  A worker ant (D:3)
  3 adders (D:3)
  2 worms
  4 giant geckos
  5 orcs
  3 giant cockroaches
  6 goblins
  6 hobgoblins
  7 jackals
  5 kobolds
  3 quokkas (D:3)
  A ball python (D:4)
  11 bats
  A giant newt (D:2)
  9 rats
69 creatures vanquished.

Notes
Turn   | Place    | Note
--------------------------------------------------------------
     0 | D:1      | Mysteryquy the Vine Stalker Enchanter began the quest for the Orb.
     0 | D:1      | Reached XP level 1. HP: 9/9 MP: 4/4
   146 | D:1      | Reached skill level 4 in Stealth
   207 | D:1      | Reached XP level 2. HP: 13/13 MP: 3/6
   413 | D:1      | Reached skill level 1 in Short Blades
   638 | D:1      | Reached XP level 3. HP: 16/16 MP: 7/7
   771 | D:2      | Learned a level 2 spell: Ensorcelled Hibernation
   850 | D:2      | You fall through a shaft!
  1658 | D:3      | Found a faded altar to an unknown god.
  1750 | D:3      | Reached XP level 4. HP: 16/21 MP: 2/8
  1998 | D:3      | Reached XP level 5. HP: 25/25 MP: 9/9
  2196 | D:3      | Found a blossoming altar of Fedhas.
  2259 | D:3      | Reached skill level 5 in Stealth
  2572 | D:4      | Succumbed to poison (a potion of poison)

Action                   |  1- 3 |  4- 6 || total
-------------------------+-------+-------++-------
Melee: Dagger            |   163 |    54 ||   217
 Cast: Corona            |     4 |     1 ||     5
       Ensorcelled Hiber |     6 |    14 ||    20
  Use: Potion            |       |     3 ||     3
 Stab: Sleeping          |    11 |    13 ||    24
  Eat: Chunk             |     2 |     4 ||     6
